AoeStats
← 善战者无智名

Highland

504501720Analyzed
2v2 RM · 25d ago on Sep 5, 2026· 64m 53s· 4 players
Game mode
Random Map
Map size
Medium (4 player)
Population
200
Speed
Normal
Resources
Standard
Victory
Conquest
Starting age
Dark Age
Ending age
Imperial Age
RankedLock teamsTeams togetherTeam positionsShared explorationLock speedFull tech treeHidden civsTurbo modeCheats
Victory
Defeat
🇨🇳 Sicilians · China
830
+15
🇨🇳 Britons · China
807
+18
🇩🇪 Saracens · Germany
849
-18
🇩🇪 Italians · Germany
750
-13
St4lk3r
10:41 Feudal Age
13:31 Wheelbarrow
12:58 Double-Bit Axe
23:24 Castle Age
21:48 Forging
22:46 Fletching
23:54 Padded Archer Armor
24:15 Crossbowman
25:07 Thumb Ring
26:59 Hand Cart
33:45 Imperial Age
32:44 Iron Casting
32:47 Leather Archer Armor
32:36 Scale Mail Armor
34:55 Cavalier
35:36 Husbandry
38:37 Ring Archer Armor
39:19 Blast Furnace
44:23 Caravan
45:34 Silk Road
48:45 Chemistry
48:07 Scale Barding Armor
48:18 Chain Mail Armor
47:58 Bodkin Arrow
48:36 Elite Genoese Crossbowman
52:26 Caravan
57:06 Chain Barding Armor
57:17 Plate Mail Armor
56:47 Bracer
59:58 Plate Barding Armor
61:35 Coinage
ferdjay
8:48 Loom
10:54 Feudal Age
11:37 Double-Bit Axe
12:12 Gold Mining
16:46 Castle Age
18:27 Wheelbarrow
19:09 Fletching
20:53 Horse Collar
24:54 Bow Saw
25:06 Bodkin Arrow
25:11 Padded Archer Armor
26:09 Gold Shaft Mining
26:06 Crossbowman
27:41 Thumb Ring
31:25 Imperial Age
29:13 Hand Cart
28:45 Town Watch
29:48 Padded Archer Armor
30:40 Medium Warships
31:13 Scale Barding Armor
31:19 Forging
31:23 Elite Skirmisher
32:58 Leather Archer Armor
32:44 Bracer
33:06 Chain Barding Armor
33:22 Iron Casting
34:29 Heavy Camel Rider
36:09 Ring Archer Armor
38:00 Arbalester
40:43 Ballistics
41:27 Chemistry
40:33 Siege Engineers
40:24 Murder Holes
40:39 Masonry
42:37 Conscription
44:27 Heavy Camel Rider
45:12 Onager
46:33 Caravan
47:24 Siege Onager
53:36 Plate Barding Armor
53:36 Iron Casting
佩奇大元帅
11:38 Feudal Age
12:09 Double-Bit Axe
20:53 Castle Age
19:09 Fletching
20:56 Padded Archer Armor
21:59 Bow Saw
22:37 Gold Mining
22:50 Bodkin Arrow
26:57 Wheelbarrow
31:17 Imperial Age
29:36 Leather Archer Armor
29:59 Yeomen
30:51 Hand Cart
31:42 Ballistics
32:27 Bracer
34:10 Two-Man Saw
33:45 Conscription
34:09 Ring Archer Armor
33:44 Elite Longbowman
36:03 Chemistry
35:38 Scale Mail Armor
35:48 Pikeman
36:47 Chain Mail Armor
37:11 Masonry
39:32 Plate Mail Armor
41:10 Forging
41:26 Squires
42:15 Siege Engineers
41:44 Halberdier
43:10 Iron Casting
45:48 Blast Furnace
50:59 Architecture
57:03 Warwolf
58:09 Caravan
58:45 Arson
善战者无智名
2:06 Loom
12:48 Feudal Age
13:32 Double-Bit Axe
20:54 Castle Age
22:23 Wheelbarrow
21:22 Pikeman
23:04 Scale Mail Armor
23:18 Forging
23:14 Horse Collar
24:04 Bloodlines
24:43 Stone Mining
25:40 Iron Casting
25:14 Scale Barding Armor
25:58 Squires
26:05 Heavy Plow
28:09 Bow Saw
29:24 Husbandry
29:45 Hand Cart
29:58 Caravan
30:31 Chain Barding Armor
31:57 Iron Casting
34:44 Chain Mail Armor
37:01 Imperial Age
36:57 Arson
39:08 Plate Barding Armor
39:24 Conscription
40:38 Blast Furnace
40:55 Plate Mail Armor
42:44 Halberdier
43:33 Gold Mining
43:50 Light Cavalry
45:13 Cavalier
46:44 Gold Shaft Mining
46:45 Stone Shaft Mining
46:48 Murder Holes
48:19 Fletching
54:10 Hauberk
54:43 Hoardings
54:32 Arrowslits
54:59 Masonry
56:00 Crop Rotation
56:14 Hoardings
64:24 Chemistry
63:45 Ballistics
63:31 Siege Engineers
Connection lost

Rejoining the realm…

Still unreachable

The connection could not be restored.

Session expired

The server has moved on; the page needs a fresh start.